 Dungeon Crawl Stone Soup version 0.30-a0-165-g1891117ce2 (webtiles) character file.

Game seed: 509781083766734685

200 Sobieck the Digger (level 5, 0/25 HPs)
             Began as a Vine Stalker Earth Elementalist on Sept 28, 2022.
             Slain by Grinder (4 damage)
             ... while paralysed by Grinder
             ... on level 3 of the Dungeon.
             The game lasted 00:05:43 (3292 turns).

Sobieck the Digger (VSEE)                           Turns: 3292, Time: 00:05:43

Health: 0/25       AC:  3    Str: 10    XL:     5   Next: 79%
Magic:  0/10       EV:  2    Int: 15    God:
Gold:   160        SH:  0    Dex: 17    Spells: 4/10 levels left

rFire   . . .      SeeInvis .    a - +1 dagger (elec) {short}
rCold   . . .      Faith    .    (no shield)
rNeg    . . .      Spirit   +    u - +0 robe
rPois   .          Reflect  .    (no helmet)
rElec   .          Harm     .    A - +0 cloak
rCorr   .          Rampage  .    (no gloves)
Will    .....                    (no boots)
Stlth   +++.......               w - amulet of the acrobat
HPRegen 0.88/turn                (no ring)
MPRegen 0.12/turn                (no ring)

@: paralysed
A: fangs 2, regeneration 1, magic shield, antimagic bite, no potion heal 2
a: no special abilities


You were on level 3 of the Dungeon.
You visited 1 branch of the dungeon, and saw 3 of its levels.

You collected 160 gold pieces.


Innate Abilities, Weirdness & Mutations

You have extremely sharp teeth.
Your natural rate of healing is unusually fast.
When hurt, damage is shared between your health and your magic reserves.
Your bite disrupts and absorbs the magic of your enemies.
Potions cannot restore your health.


   Skills:
 + Level 1.4 Fighting
 + Level 1.5 Short Blades
 - Level 1.5 Dodging
 + Level 3.6 Stealth
 + Level 3.0 Spellcasting
 + Level 1.7 Conjurations
 + Level 2.2 Transmutations
 + Level 3.6 Earth Magic


You had 4 spell levels left.
You knew the following spells:

 Your Spells              Type           Power      Damage    Failure   Level
a - Sandblast             Erth           26%        2d8       4%          1
b - Passwall              Tmut/Erth      9%         N/A       9%          2
c - Stone Arrow           Conj/Erth      20%        3d8       21%         3

Your spell library contained the following spells:

 Spells                   Type           Power      Damage    Failure   Level
 Slow                     Hex            8%         N/A       21%         1
 Confusing Touch          Hex            2%         N/A       52%         3
 Vampiric Draining        Necr           2%         2d6       52%         3
 Petrify                  Tmut/Erth      11%        N/A       52%         4

Inventory:

Hand Weapons
 a - a +1 dagger of electrocution (weapon) {short}
   (You took it off a goblin on level 2 of the Dungeon)
 d - a +0 dagger {short}
   (You took it off a kobold on level 1 of the Dungeon)
 e - a +0 short sword {short}
   (You took it off a kobold on level 1 of the Dungeon)
 f - a +0 club {mace}
   (You took it off a kobold on level 1 of the Dungeon)
 q - a +1 whip of freezing {mace}
   (You took it off a kobold on level 2 of the Dungeon)
Missiles
 c - 24 stones {throwing}
 p - 6 javelins {throwing}
Armour
 l - a +0 ring mail
   (You found it on level 1 of the Dungeon)
 u - a +0 robe (worn)
 y - a +0 ring mail
   (You took it off Terence on level 3 of the Dungeon)
 z - a +0 scale mail
   (You took it off a kobold on level 3 of the Dungeon)
 A - a +0 cloak (worn)
   (You found it on level 3 of the Dungeon)
Jewellery
 w - an amulet of the acrobat (around neck)
   (You found it on level 3 of the Dungeon)
Scrolls
 g - 2 scrolls of immolation {unknown}
 h - a scroll of teleportation {unknown}
 j - a scroll of fear {unknown}
 k - a scroll of vulnerability {unknown}
 o - 3 scrolls of noise {unknown}
Potions
 b - a potion of magic
 i - a potion of brilliance {unknown}
 m - a potion of heal wounds {unknown}
 n - 2 potions of mutation {unknown}
 r - a potion of resistance {unknown}
 s - 3 potions of curing {unknown}
 t - a potion of haste {unknown}
 v - a potion of ambrosia {unknown}
 x - a potion of flight {unknown}

Dungeon Overview and Level Annotations

Branches:
Dungeon (3/15) Zot: 14654

Altars:
Sif Muna

Annotations:
D:3 Grinder

#. #.# #.### #..#.#
#.... ##.#.# #####
#.#.# #.#.# #.#.#
#.#.# # #5#.#
#.#@#.##############
#...#...............
#..######.###########
).... #..#######...
##### ##..........#
############
...........
#.#######..# # .#


You could see Grinder.


Message History

Natasha, Servant of Life and Death comes into view.
Natasha hisses angrily.
Danger!
You can't see any susceptible monsters within range! (Use Z to cast anyway.)
You can't see any susceptible monsters within range! (Use Z to cast anyway.) Unknown command.
Natasha casts a spell.
The blast of sand hits the shadow imp.
Natasha casts a spell.
The blast of sand hits the shadow imp.
The shadow imp closely misses you.
Natasha mumbles some strange words.
The shadow imp hits you.
The blast of sand hits the shadow imp.
The shadow imp hits you. The shadow imp closely misses you.
Unknown command.
Unknown command.
The crimson imp blinks!
The shadow imp attacks as you move away!
The shadow imp misses you.
Unknown command.
You hit the shadow imp but do no damage.
The shadow imp hits you.
You hit the shadow imp but do no damage.
Your bite misses the shadow imp. The shadow imp closely misses you.
Unknown command.
You barely miss the shadow imp.
The crimson imp blinks!
The shadow imp misses you.
Natasha stares at you and mumbles some strange words.
The magic dart hits you.
You hit Natasha. Lightning courses through Natasha!
You kill Natasha!
You feel Natasha's spirit has finally been put to rest.
The shadow imp disappears in a puff of smoke! x2
The crimson imp disappears in a puff of smoke!
Your Spellcasting skill increases to level 3!
Unknown command.
s - 3 fuming cyan potions (gained 1)
You see here the felid corpse of Natasha.
Unknown command.
You see here a +0 short sword {short}.
You now have 160 gold pieces (gained 12).
A - a +0 cloak Unknown command.
You start putting on your armour.
You continue putting on your +0 cloak. x4
You finish putting on your +0 cloak.
Danger!
Grinder is nearby!
Unknown command.
Danger!
Danger!
Unknown command.
Casting: Sandblast (safe; 4% risk of failure)
Confirm with . or Enter, or press ? or * to list all spells.
Aiming: Passwall (safe; 9% risk of failure)
Press: ? - help, Dir - move target A rock wall.
You begin to meditate on the wall.
You continue meditating on the rock. x2
You finish merging with the rock.
Danger!
Unknown command.
Grinder shouts!
You hit Grinder but do no damage. Your bite misses Grinder. Grinder misses you.
Unknown command.
Unknown command.
The blast of sand hits Grinder.
Grinder completely misses you.
The blast of sand hits Grinder.
Grinder gestures at you. Pain shoots through your body! Grinder hits you!
* * * LOW HITPOINT WARNING * * *
You writhe in agony.
* * * LOW HITPOINT WARNING * * *
Unknown command.
You are too injured to fight recklessly!
Unknown command.
You are too injured to fight recklessly!
Unknown command.
Casting: Sandblast (safe; 4% risk of failure)
Confirm with . or Enter, or press ? or * to list all spells.
Aiming: Sandblast (safe; 4% risk of failure)
Press: ? - help, Shift-Dir - straight line, f/p - Grinder
Aim: Grinder (moderately wounded, 80% to hit)
The blast of sand misses Grinder.
Grinder closely misses you.
Casting: Sandblast (safe; 4% risk of failure)
Confirm with . or Enter, or press ? or * to list all spells.
Aiming: Sandblast (safe; 4% risk of failure)
Press: ? - help, Shift-Dir - straight line, f/p - Grinder
Aim: Grinder (moderately wounded, 80% to hit)
The blast of sand hits Grinder.
Grinder gestures at you. You resist with some effort. Grinder gestures at you.
You suddenly lose the ability to move!
Grinder hits you.
* * * LOW HITPOINT WARNING * * *
You writhe in agony.
* * * LOW HITPOINT WARNING * * *
Grinder hits you.
* * * LOW HITPOINT WARNING * * *
Grinder hits you.
You die...

Skill      XL: |  1  2  3  4  5 |
---------------+----------------+-----
Conjurations   | 1 |  1.7
Stealth        | 3 |  3.6
Short Blades   | 1 |  1.5
Fighting       | 1 |  1.4
Transmutations | 2 |  2.2
Spellcasting   | 3 |  3.0
Dodging        | |  1.5
Earth Magic    | |  3.6

Action                   |  1- 3 |  4- 6 || total
-------------------------+-------+-------++-------
Melee: Unarmed           |     5 |       ||     5
       Bite              |     2 |     1 ||     3
       Dagger            |     7 |    14 ||    21
 Cast: Sandblast         |    55 |    54 ||   109
       Passwall          |       |     2 ||     2
 Stab: Sleeping          |       |     3 ||     3
Armor: Robe              |     4 |     5 ||     9
Dodge: Dodged            |    14 |    22 ||    36

Levels and vault maps discovered:
D:1:      matt_arrival_refuge, layout_loops_ring
D:2:      minmay_diamond_boxcup, layout_loops_ring, nicolae_ecumenical_pavilion,
          grunt_ministairs_4
D:3:      layout_basic, slow_altar_2, general_overflow_altar,
          serial_co_window_serial, co_window_corner_a,
          co_window_of_opportunity_a, co_window_paths_b, co_window_paths_b,
          co_window_paths_a, co_window_paths_b, co_window_corner_a,
          co_window_unsneaky_path_d, co_window_unsneaky_path_a,
          co_window_corner_b, co_window_of_opportunity_b, co_window_broadway_a,
          co_window_corner_b, co_window_4corner_b, uniq_grinder, uniq_natasha,
          uniq_robin, uniq_terence

Notes
Turn   | Place    | Note
-------+----------+-------------------------------------------
     0 | D:1      | Sobieck the Vine Stalker Earth Elementalist began the quest
                  | for the Orb.
     0 | D:1      | Reached XP level 1. HP: 9/9 MP: 4/4
   296 | D:1      | Reached XP level 2. HP: 14/14 MP: 4/6
   463 | D:1      | Learned a level 2 spell: Passwall
   744 | D:1      | Reached XP level 3. HP: 17/17 MP: 3/7
  1082 | D:2      | Found a faded altar of an unknown god.
  1266 | D:2      | Reached skill level 1 in Conjurations
  1306 | D:2      | Reached skill level 3 in Stealth
  1430 | D:2      | Learned a level 3 spell: Stone Arrow
  1483 | D:2      | Gained mutation: Your natural rate of healing is unusually
                  | fast. [Vine Stalker growth]
  1483 | D:2      | Reached XP level 4. HP: 21/21 MP: 4/9
  1926 | D:2      | Reached skill level 1 in Short Blades
  2021 | D:2      | Reached skill level 1 in Fighting
  2379 | D:3      | Noticed Terence
  2518 | D:3      | Found a shimmering blue altar of Sif Muna.
  2626 | D:3      | Killed Terence
  2627 | D:3      | Reached XP level 5. HP: 25/25 MP: 7/10
  2791 | D:3      | Noticed Natasha
  2798 | D:3      | Killed Natasha
  2799 | D:3      | Reached skill level 2 in Transmutations
  2821 | D:3      | Noticed Grinder
  2893 | D:3      | Noticed Natasha
  2911 | D:3      | Killed Natasha
  2960 | D:3      | You pick up a book of Debilitation and begin reading...
  2960 | D:3      | You add the spells Slow, Vampiric Draining and Confusing
                  | Touch to your library.
  3063 | D:3      | Noticed Natasha
  3073 | D:3      | Killed Natasha
  3074 | D:3      | Reached skill level 3 in Spellcasting
  3289 | D:3      | Paralysed by Grinder for 4 turns
  3290 | D:3      | HP: 6/25 [Grinder (2)]
  3292 | D:3      | Slain by Grinder

Vanquished Creatures
  Natasha (thrice) (D:3)
  Terence (D:3)
  3 adders (D:2)
  A worm (D:2)
  4 dart slugs
  8 bats
  6 endoplasms
  3 giant cockroaches
  6 goblins
  6 hobgoblins
  3 jackals
  10 kobolds
  2 quokkas
  7 ball pythons
  4 frilled lizards (D:1)
  5 rats
72 creatures vanquished.

Table legend:
 A = Non-vault XP
 B = Vault XP
 C = Vault XP percentage of total XP
 D = Non-vault monster count
 E = Vault monster count
 F = Vault count percentage of total count
                 A         B        C        D         E       F
            +---------+---------+-------+---------+---------+-------
      Total |     201 |      86 |  30.0 |      60 |      12 |  16.7
            +---------+---------+-------+---------+---------+-------
        D:1 |      45 |       0 |   0.0 |      27 |       0 |   0.0
        D:2 |      70 |      19 |  21.3 |      19 |      10 |  34.5
        D:3 |      86 |      67 |  43.8 |      14 |       2 |  12.5
            +---------+---------+-------+---------+---------+-------

Illustrated notes

Table legend:
 A = Kills in this place as a percentage of kills in entire the game.
 B = Kills by you in this place as a percentage of kills by you in the entire game.
 C = Kills by friends in this place as a percentage of kills by friends in the entire game.
 D = Other kills in this place as a percentage of other kills in the entire game.
 E = Experience gained in this place as a percentage of experience gained in the entire game.
 F = Experience gained in this place divided by the number of levels of this place that you have seen.
                   A       B       C       D       E      F
               +-------+-------+-------+-------+-------+----------------------
         Total | 100.0 | 100.0 |   N/A |   N/A | 100.0 |  95.7
       Dungeon | 100.0 | 100.0 |   N/A |   N/A | 100.0 |  95.7
               +-------+-------+-------+-------+-------+----------------------

Table legend: (Time is in decaauts)
 A = Elapsed time spent in this place.
 B = Non-inter-level travel time spent in this place.
 C = Inter-level travel time spent in this place.
 D = Time resting spent in this place.
 E = Time spent auto-exploring this place.
 F = Levels seen in this place.
 G = Mean time per level.
                   A        B        C        D        E       F      G
               +--------+--------+--------+--------+--------+-----+--------+
         Total |   3344 |   3287 |     57 |    140 |   2630 |   3 | 1114.7 |
       Dungeon |   3344 |   3287 |     57 |    140 |   2630 |   3 | 1114.7 |
               +--------+--------+--------+--------+--------+-----+--------+

Top non-repeatable levels by time:
     D:2: 1248 daAuts
     D:1: 1101 daAuts
     D:3: 995 daAuts
